[Event "Late-Titled-Tuesday-Blitz-September-12-2023"]
[Site "Chess.com"]
[Date "2023.09.12"]
[Round "6"]
[White "malakismayil"]
[Black "ameetghasi100"]
[Result "0-1"]
[WhiteElo "2510"]
[BlackElo "2694"]
[TimeControl "180+1"]
[EndTime "15:04:45 PDT"]
[Termination "ameetghasi100 won on time"]

1. e4 g6 2. d4 d6 3. Nc3 Bg7 4. Be3 a6 5. Qd2 b5 6. f3 Bb7 7. a3 Nd7 8. g4 Ngf6 9. h4 h5 10. g5 Nh7 11. Nh3 O-O 12. f4 c5 13. Nf2 Rc8 14. Bh3 cxd4 15. Bxd4 Bxd4 16. Qxd4 Rc4 17. Qe3 Qc7 18. O-O Re8 19. Rae1 e6 20. Bg2 Nhf8 21.
Nd3 Qb6 22. Qxb6 Nxb6 23. Rd1 Rec8 24. Nc1 Rxc3 25. bxc3 Nc4 26. Nb3 Ne3 27. Rxd6 Nxg2 28. Kxg2 Bxe4+ 29. Kf2 Rxc3 30. Nd4 Rxa3 31. Re1 Bd5 32. Re3 Ra4 33. c3 b4 34. cxb4 Rxb4 35.
Ne2 a5 36. Ra3 a4 37. Ra6 Bb3 38. Ke3 Nd7 39. Nc3 Nc5 40. Ra8+ Kg7 41. Ra5 Rc4 42. Ne2 Ne4 43. Kf3 Nd2+ 44. Ke3 Ne4 45. Kf3 Nd6 46. Ke3 Nf5+ 47. Kf3 Nxh4+ 48. Kf2 Nf5 49. Kf3 h4 50. Ng1 Rc3+ 51. Kf2 Rc2+ 52. Kf3 Bd5+ 0-1

[Event "Late-Titled-Tuesday-Blitz-September-12-2023"]
[Site "Chess.com"]
[Date "2023.09.12"]
[Round "6"]
[White "SaqoChess_Twitch"]
[Black "Der_Honigdachs"]
[Result "1-0"]
[WhiteElo "2722"]
[BlackElo "2530"]
[TimeControl "180+1"]
[EndTime "15:04:46 PDT"]
[Termination "SaqoChess_Twitch won by checkmate"]

1. d4 Nf6 2. c4 c6 3. Nc3 d5 4. e3 e6 5. Nf3 a6 6. Bd3 dxc4 7.
Bxc4 b5 8. Bd3 Bb7 9. e4 Nbd7 10.
e5 Nd5 11. Nxd5 cxd5 12. O-O Be7 13. Be3 O-O 14. h4 Bxh4 15. g3 Be7 16. Kg2 f5 17. exf6 Bxf6 18. Rh1 h6 19. Bxh6 gxh6 20. Rxh6 Bg7 21.
Rxe6 Nf6 22. Qh1 Bc8 23. Re5 Ne4 24. Rxe4 dxe4 25. Bxe4 Bf5 26. Re1 Bxe4 27. Rxe4 Qd5 28. Qh4 Rae8 29. Ng5 Qf5 30. Rf4 Qg6 31. Rg4 Qc2 32.
Nh3 Qc6+ 33. Kh2 Re1 34. Rxg7+ Kxg7 35. Qg5+ Qg6 36. Qc5 Re7 37. Qxe7+ Rf7 38. Qe5+ Qf6 39. f4 Qxe5 40. dxe5 Rd7 41. Kg2 Rd2+ 42. Kf3 Rxb2 43. f5 b4 44. f6+ Kg6 45. Nf4+ Kf7 46. g4 Rxa2 47. g5 Ra3+ 48. Ke4 Ra1 49. e6+ Ke8 50. f7+ Kf8 51. Ng6+ Kg7 52. f8=Q+ Kxg6 53. Qf6+ Kh5 54. Qxa1 Kg4 55. Qxa6 b3 56. Qe2+ Kh4 57. Qb2 Kh5 58.
Qxb3 Kg6 59. e7 Kh5 60. e8=Q+ Kg4 61. Qee6+ Kh4 62. Qbh3+ Kxg5 63. Qeg4+ Kf6 64. Qh6+ Ke7 65. Qgg7+ Ke8 66. Qhh8# 1-0

[Event "Late-Titled-Tuesday-Blitz-September-12-2023"]
[Site "Chess.com"]
[Date "2023.09.12"]
[Round "6"]
[White "ace_mar"]
[Black "CFalcons8"]
[Result "0-1"]
[WhiteElo "2522"]
[BlackElo "2309"]
[TimeControl "180+1"]
[EndTime "15:04:46 PDT"]
[Termination "CFalcons8 won by resignation"]

1. e4 e5 2. Nf3 Nc6 3. d4 exd4 4. Nxd4 Bc5 5. Nb3 Bb6 6. Nc3 d6 7. Qe2 Nge7 8. Be3 Be6 9. O-O-O Qd7 10. g3 Ne5 11. h3 Bc4 12. Qh5 Bxe3+ 13. fxe3 Bxf1 14. Rhxf1 h6 15. Nd4 g6 16. Qe2 a6 17. g4 O-O-O 18.
Nd5 Nxd5 19. exd5 h5 20. Nf3 Rde8 21. Ng5 hxg4 22. hxg4 Qxg4 23. Qxg4+ Nxg4 24. Rxf7 Nxe3 25. Rd3 Rh5 26. Nf3 Rxd5 27. Rg7 Rxd3 28. cxd3 Rf8 29. Ng5 Rf2 30. Ne6 Rc2+ 31. Kb1 Kb8 32. Rxg6 Rd2 33. a3 Rxd3 34. Rg8+ Ka7 35. Nxc7 Rd1+ 36. Ka2 Nc4 37. Kb3 Na5+ 38. Kc2 Rd4 39. Ne6 Rc4+ 40. Kb1 d5 41. Rd8 Re4 42. Nc5 Rd4 43. b4 Nc4 44. Rd7 Nxa3+ 45. Kb2 Nc4+ 46. Kc3 Rd1 47. Rxb7+ Ka8 48. Rd7 Ne5 49. Nxa6 Nxd7 50. b5 Nb6 51. Kb4 Kb7 52. Nc5+ Ka7 53. Ne6 Re1 54. Nc7 Re4+ 55. Kc5 Rc4+ 56. Kd6 Rxc7 57. Kxc7 0-1

[Event "Late-Titled-Tuesday-Blitz-September-12-2023"]
[Site "Chess.com"]
[Date "2023.09.12"]
[Round "6"]
[White "artooon"]
[Black "cassoulet"]
[Result "1/2-1/2"]
[WhiteElo "3031"]
[BlackElo "2784"]
[TimeControl "180+1"]
[EndTime "15:04:49 PDT"]
[Termination "Game drawn by repetition"]

1. e4 c5 2. Nf3 Nc6 3. d4 cxd4 4. Nxd4 Nf6 5. Nc3 e6 6. Ndb5 d6 7. Bf4 e5 8. Bg5 a6 9. Na3 b5 10. Nd5 Be7 11. Bxf6 Bxf6 12. c3 O-O 13. Nc2 Bg5 14. h4 Bh6 15. g4 Bf4 16. Qf3 Be6 17. Nxf4 exf4 18. Qxf4 Ne5 19. Be2 Qc8 20. Ne3 a5 21. Bxb5 Rb8 22. Be2 Rxb2 23. Nd1 Rxe2+ 24. Kxe2 Qc4+ 25.
Kd2 Bxg4 26. Qe3 Rb8 27. f4 Nf3+ 28. Kc1 Qa4 29. Rb1 Qa3+ 30. Rb2 Rxb2 31. Nxb2 Qxa2 32.
Kc2 a4 33. Qa7 h5 34. Qxa4 Qe6 35. Qc4 Qf6 36. Nd3 Nxh4 37. Qd4 Qe7 38. f5 Nf3 39. Qd5 Qa7 40. Kb2 Nd2 41. Nb4 Qf2 42. Ka3 Bf3 43. Ra1 Bxe4 44. Qd4 Qe2 45. Ra2 Nb1+ 46. Ka4 Qe1 47. Kb3 d5 48. f6 g5 49. Qc5 Qd1+ 50. Kb2 Qd2+ 51. Kb3 Qd1+ 52. Kb2 Qd2+ 53. Kb3 Qd1+ 1/2-1/2

[Event "Late-Titled-Tuesday-Blitz-September-12-2023"]
[Site "Chess.com"]
[Date "2023.09.12"]
[Round "6"]
[White "Roedor"]
[Black "PepeCuenca"]
[Result "1/2-1/2"]
[WhiteElo "2410"]
[BlackElo "2727"]
[TimeControl "180+1"]
[EndTime "15:04:50 PDT"]
[Termination "Game drawn by repetition"]

1. d4 Nf6 2. c4 g6 3. g3 Bg7 4. Bg2 O-O 5. Nc3 d6 6. Nf3 c6 7. O-O Qb6 8. e4 Bg4 9. Rb1 Nfd7 10. Be3 c5 11. Nd5 Qd8 12. dxc5 dxc5 13. h3 Bxf3 14. Bxf3 Nc6 15. b4 e6 16. bxc5 Rb8 17. Nf4 Nde5 18.
Be2 Qa5 19. Qd2 Qxd2 20. Bxd2 Nd4 21. Be3 Nxe2+ 22. Nxe2 Nxc4 23. Rfd1 Nxe3 24. fxe3 Rfc8 25. Rd7 Rxc5 26. Rbxb7 Rxb7 27. Rxb7 Ra5 28. Rb8+ Bf8 29. Nc3 Kg7 30. a4 Bd6 31. Rb5 Rxb5 32. Nxb5 Bc5 33.
Kf2 Kf6 34. Kf3 Ke5 35. g4 g5 36. Nc3 Kd6 37. Ne2 Bb6 38. Nc3 Kc5 39. e5 Kb4 40.
Ne4 h6 41. Nd6 Kxa4 42. Nxf7 Kb3 43. Nxh6 a5 44. h4 a4 45. hxg5 Bc7 46. Nf7 a3 47. g6 a2 48. g7 a1=Q 49. g8=Q Qf1+ 50. Ke4 Qc4+ 51. Kf3 Qf1+ 52. Ke4 Qg2+ 53. Kd3 Qd5+ 54. Ke2 Qg2+ 55. Kd3 Qf1+ 56. Ke4 1/2-1/2

[Event "Late-Titled-Tuesday-Blitz-September-12-2023"]
[Site "Chess.com"]
[Date "2023.09.12"]
[Round "6"]
[White "zverr1"]
[Black "GoltsevDmitry2000"]
[Result "1-0"]
[WhiteElo "2499"]
[BlackElo "2617"]
[TimeControl "180+1"]
[EndTime "15:04:51 PDT"]
[Termination "zverr1 won by resignation"]

1. d4 e6 2. c4 Nf6 3. Nf3 b6 4. g3 Ba6 5. Qc2 Bb4+ 6. Bd2 Be7 7. Bg2 O-O 8. O-O d5 9. Ne5 c5 10. dxc5 bxc5 11. Nc3 Bb7 12. cxd5 exd5 13. Rad1 Nc6 14. Nxc6 Bxc6 15. Bg5 Rb8 16. b3 Qa5 17. Bxf6 Bxf6 18. Nxd5 Bxd5 19. Bxd5 Rfe8 20. Bc4 Re7 21. e3 Rd8 22. Rd3 Red7 23. Rfd1 Rxd3 24. Rxd3 Rxd3 25. Bxd3 g6 26. a4 Kg7 27. Bc4 h5 28. Qe4 Qc7 29.
h4 Qe5 30. Qb7 Qe7 31. Qd5 Qc7 32. a5 Qe7 33. a6 Qc7 34. Qb7 Be5 35. Kg2 Bd6 36.
f4 Qe7 37. e4 Qxb7 38. axb7 f6 39. Kf3 Bc7 40. Be6 Kf8 41. g4 hxg4+ 42. Kxg4 Kg7 43. f5 Kh6 44. fxg6 Kxg6 45. h5+ Kg7 46. Kf5 Be5 47. Bc4 Kh6 48. Be2 a5 49. Ke6 c4 50. Bxc4 Kxh5 51. Kd7 Kg5 52. Kc8 Kf4 53. Bd5 Ke3 54. b8=Q Bxb8 55. Kxb8 Kd4 56. Kb7 f5 57. exf5 Kxd5 58. Kb6 Ke5 59. Kxa5 Kxf5 60. Kb6 Ke6 61. Kc6 Ke7 62.
Kc7 Ke6 63. b4 Kd5 64. b5 Kc5 65. b6 1-0

[Event "Late-Titled-Tuesday-Blitz-September-12-2023"]
[Site "Chess.com"]
[Date "2023.09.12"]
[Round "6"]
[White "younix2022"]
[Black "emirgulbeyaz"]
[Result "0-1"]
[WhiteElo "2060"]
[BlackElo "2326"]
[TimeControl "180+1"]
[EndTime "15:04:52 PDT"]
[Termination "emirgulbeyaz won on time"]

1. d4 g6 2. Bf4 Bg7 3. e3 d6 4.
Nd2 Nd7 5. Ngf3 e5 6. dxe5 dxe5 7. Bg3 Nh6 8. c3 O-O 9. Nc4 f6 10. Qb3 Kh8 11. Rd1 Qe7 12. Be2 b6 13. O-O Bb7 14. Ncd2 Nc5 15. Qc2 a5 16. Nb3 Be4 17. Qc1 Ne6 18.
Nbd2 Bb7 19. c4 Nf5 20. b3 a4 21. Qc3 Nd6 22. b4 Nf5 23. a3 Rfd8 24. Nb1 Nd6 25. c5 Ne4 26. Qc2 bxc5 27. bxc5 Qxc5 28. Qb2 Qb6 29. Qa2 N6c5 30. Bc4 Nd6 31. Bd5 Bxd5 32. Qxd5 Nb3 33. Nxe5 fxe5 34. Bxe5 Qc5 35. Bxg7+ Kxg7 36. Qe6 Qf5 37. Qe7+ Qf7 38. Qe5+ Qf6 39. Qd5 Ra5 40. Qc6 Qf7 41. h4 Kg8 42. h5 Raa8 43. h6 Qc4 44.
Qf3 Qf7 45. Qc6 Qd7 46. Qc3 Qe7 47. Qc6 Nf7 48. Nc3 Nxh6 49. Ne4 Nf5 50. Nf6+ Kf7 51. Nxh7 Kg7 52. g4 Nd6 53. Qh1 Rh8 54. Qd5 Kxh7 55.
f3 Kg7 56. Kf2 Ra5 0-1

[Event "Late-Titled-Tuesday-Blitz-September-12-2023"]
[Site "Chess.com"]
[Date "2023.09.12"]
[Round "6"]
[White "FredyMatsuura"]
[Black "Bilan_Danila"]
[Result "0-1"]
[WhiteElo "2342"]
[BlackElo "2565"]
[TimeControl "180+1"]
[EndTime "15:04:56 PDT"]
[Termination "Bilan_Danila won on time"]

1. d4 d5 2. c4 c6 3. Nc3 Nf6 4.
e3 e6 5. Nf3 Nbd7 6. Bd3 dxc4 7. Bxc4 b5 8. Bd3 b4 9. Na4 c5 10. e4 Be7 11. e5 Nd5 12. dxc5 Nxc5 13. Nxc5 Bxc5 14. Ng5 Qc7 15. O-O Be7 16. Re1 g6 17. Bd2 Qd8 18. Ne4 O-O 19. Bh6 Re8 20. Qf3 Bf8 21.
Bg5 Be7 22. Bxe7 Qxe7 23. Nd6 Rf8 24. Be4 Bb7 25. Rac1 Rad8 26. Rc5 Ba8 27. Rec1 Qg5 28. Qg3 Qxg3 29. hxg3 f6 30. Nb5 fxe5 31. Nxa7 Rf7 32. Nb5 Rdf8 33. f3 Kg7 34. Nd6 Ra7 35. Bb1 Rd8 36.
Nc4 Rf8 37. Nxe5 h5 38. Nd3 Re7 39. Rb5 Rh8 40. Ne5 h4 41. g4 h3 42. Nxg6 hxg2 43. Nxh8 Kxh8 44. Rb8+ Kg7 45. Rxa8 Nf4 46. Kf2 Rd7 0-1

[Event "Late-Titled-Tuesday-Blitz-September-12-2023"]
[Site "Chess.com"]
[Date "2023.09.12"]
[Round "6"]
[White "SpeedofLight0"]
[Black "jk13"]
[Result "1-0"]
[WhiteElo "3089"]
[BlackElo "2674"]
[TimeControl "180+1"]
[EndTime "15:05:00 PDT"]
[Termination "SpeedofLight0 won by resignation"]

1. Nf3 d5 2. e3 e6 3. b3 Nf6 4. Bb2 Be7 5. c4 O-O 6. d4 b6 7. Bd3 Bb7 8. O-O dxc4 9. bxc4 c5 10. Nbd2 cxd4 11. exd4 Nc6 12. Rc1 Rc8 13. Re1 Qd6 14.
Bb1 Rfd8 15. Qe2 Qf4 16. Nf1 Bf8 17. Ng3 Rd7 18. Rcd1 Rcd8 19. Bc1 Qc7 20. Bb2 Qf4 21. a3 h6 22. Qc2 g6 23. Bc1 Qc7 24. Bb2 Qf4 25. h3 Bg7 26. Qa4 Qc7 27. Rc1 Nh7 28.
h4 Nxd4 29. Bxd4 Bxd4 30. Nxd4 Rxd4 31. h5 g5 32. Qc2 Nf8 33. Qc3 Qc5 34. Qe3 Rxc4 35.
Rxc4 Qxc4 36. Rc1 Qd4 37. Qe2 Qd2 38. Qf1 Ba6 39. Qe1 Qxe1+ 40. Rxe1 Rd2 41. Ne4 Rb2 42. Rd1 Kg7 43. Nd6 Be2 44. Ne8+ Kg8 45. Rc1 Bc4 46. Be4 Bb5 47. Rc8 Bxe8 48. Rxe8 Kg7 49.
Re7 Kf6 50. Rxa7 Rb3 51. Bc6 g4 52. Be8 Kg7 53. Rxf7+ Kg8 54. Ra7 g3 55. fxg3 Rxg3 56. Bf7+ Kh8 57. a4 Rg5 58. Be8 Rc5 59. Rb7 Rc1+ 60.
Kh2 Rc8 61. Bb5 Rc5 62. Rxb6 Rxh5+ 63. Kg1 Rh4 64. a5 Rb4 65. a6 Rb1+ 66. Kh2 Ra1 67. Rb7 Ng6 68. a7 Ne5 69. Rb8+ Kg7 70. a8=Q Rxa8 71. Rxa8 1-0

[Event "Late-Titled-Tuesday-Blitz-September-12-2023"]
[Site "Chess.com"]
[Date "2023.09.12"]
[Round "6"]
[White "nitpicker"]
[Black "Jahonas"]
[Result "0-1"]
[WhiteElo "2255"]
[BlackElo "2438"]
[TimeControl "180+1"]
[EndTime "15:05:00 PDT"]
[Termination "Jahonas won on time"]

1. d4 Nf6 2. c4 e6 3. g3 d5 4. Nf3 b6 5. Nc3 Bb7 6. cxd5 Nxd5 7. Bg2 Nd7 8. O-O Be7 9. Re1 Nxc3 10. bxc3 Nf6 11.
Qa4+ Qd7 12. Qxd7+ Nxd7 13. e4 O-O-O 14. a4 a5 15. c4 Bb4 16. Re2 Ba6 17. Rc2 h6 18. Ba3 c5 19. Bxb4 cxb4 20. e5 Kb8 21. Nd2 f6 22. f4 g5 23. Ne4 gxf4 24. gxf4 fxe5 25. fxe5 Rhg8 26. Nd6 Rg7 27. Kh1 Rdg8 28. Bh3 Nf8 29.
Rf2 Bb7+ 30. Nxb7 Kxb7 31. Bg2+ Kc7 32. d5 Nd7 33. Re1 Re8 34. d6+ Kd8 35. Bc6 Rf8 36. Rxf8+ Nxf8 37. Rf1 Ng6 38. Rg1 Rg8 39. Be4 b3 40. Bxg6 b2 41. Bb1 Rf8 42. Re1 Rf2 43. Kg1 Rd2 44. h4 Kd7 45. Kf1 Rh2 46. Bg6 Rxh4 47.
Rb1 Rf4+ 48. Ke2 Rg4 49. Bd3 Rg5 50. Ke3 Rxe5+ 51. Kd2 Kxd6 52. Kc2 Re3 53. Rxb2 Kc7 54. Kc3 e5 55. Rh2 e4 56. Kd4 Rxd3+ 57. Kxe4 Ra3 58.
Rxh6 Rxa4 59. Rh7+ Kc6 60. Rh6+ Kc5 61. Kd3 Ra3+ 62.
Kc2 Ra2+ 63. Kb3 Rg2 64. Rh5+ Kc6 65. Rh6+ Kb7 66. Rh7+ Ka6 67. Rh6 Rg5 68. Rf6 Rh5 69.
Rg6 Kb7 70. Rf6 Re5 71. Rg6 Kc7 72. Rh6 Re1 73. Rg6 Rb1+ 0-1

[Event "Late-Titled-Tuesday-Blitz-September-12-2023"]
[Site "Chess.com"]
[Date "2023.09.12"]
[Round "6"]
[White "MightyGMpretender"]
[Black "vi_pranav"]
[Result "0-1"]
[WhiteElo "2731"]
[BlackElo "2991"]
[TimeControl "180+1"]
[EndTime "15:05:02 PDT"]
[Termination "vi_pranav won by resignation"]

1. e4 e5 2. Bc4 Nc6 3. d3 Nf6 4. Nc3 Bc5 5. Nf3 d6 6. Na4 Bb6 7. Nxb6 axb6 8. c3 h6 9. O-O Be6 10. Bb5 O-O 11. d4 exd4 12. cxd4 Bg4 13. Re1 Bxf3 14. gxf3 Nh5 15. d5 Na7 16. Bf1 Qf6 17.
Qd2 Qxf3 18. Be2 Qh3 19. Qe3 Qh4 20. Qf3 Nf6 21. Bd3 Nd7 22. Qg3 Qxg3+ 23. hxg3 Nc5 24. Bc2 Rfe8 25. b4 Na6 26. Bd2 Nb5 27. Kg2 c6 28.
Bd3 Nac7 29. a4 Nd4 30. Be3 c5 31. Bxd4 cxd4 32. b5 Rec8 33. Rec1 Ne8 34. f4 Nf6 35. Kf3 Nd7 36. Bf1 Nc5 37. Rc4 Re8 38. Rxd4 Nb3 39.
Rad1 Nxd4+ 40. Rxd4 Rac8 41. Bd3 Rc3 42. Ke3 Kf8 43. g4 f6 44. Rb4 Rec8 45. Kd4 Rc1 46. Be2 R1c2 47. Bd3 Rc1 48. Rb2 Ke7 49. Rg2 Ra1 50. Bc2 Ra2 51. Kd3 g6 52. Rh2 h5 53.
gxh5 gxh5 54. Rg2 h4 55. Rh2 Raxc2 0-1

[Event "Late-Titled-Tuesday-Blitz-September-12-2023"]
[Site "Chess.com"]
[Date "2023.09.12"]
[Round "6"]
[White "BogdanDeac"]
[Black "FairChess_on_YouTube"]
[Result "1-0"]
[WhiteElo "2973"]
[BlackElo "3059"]
[TimeControl "180+1"]
[EndTime "15:05:03 PDT"]
[Termination "BogdanDeac won by checkmate"]

1. d4 Nf6 2. c4 e6 3. Nf3 b6 4. g3 Bb7 5. Bg2 Bb4+ 6. Bd2 a5 7. O-O O-O 8. Bf4 Be7 9. Qc2 Be4 10.
Qc1 Bb7 11. Rd1 Qc8 12. Nc3 Ne4 13. Nb5 Na6 14. Qc2 Nf6 15. a3 Be4 16. Qc1 Bb7 17. Qc2 Be4 18. Qb3 Qb7 19. Nc3 Bxf3 20. Bxf3 c6 21.
e4 Ne8 22. e5 Qa7 23. d5 Rc8 24. dxc6 dxc6 25. Qc2 Nc5 26. b4 Na6 27. Ne4 h6 28. Qb2 Kh8 29. h4 Kg8 30. Qe2 Nb8 31. Rab1 axb4 32.
axb4 Nd7 33. Qe3 Qc7 34. Nd6 Bxd6 35. exd6 Qd8 36. Qe2 Nef6 37. Be3 e5 38. c5 bxc5 39. bxc5 e4 40. Bg2 Re8 41. Qc2 Ne5 42. Rd4 Neg4 43.
Re1 Ra8 44. Bxe4 Nxe3 45. Rxe3 Ra1+ 46. Kg2 Ng4 47. Bh7+ Kh8 48. Rxg4 Rxe3 49. fxe3 Qf6 50. Rf4 Qe6 51. Bf5 Qxe3 52. Qf2 Qc1 53. Kh3 Qh1+ 54.
Qh2 Qd5 55. d7 g5 56. Qb2+ Kg8 57.
Qxa1 gxf4 58. Qa8+ Kg7 59. d8=Q Qh1+ 60. Kg4 h5+ 61.
Kg5 Qa1 62. Qh8# 1-0

[Event "Late-Titled-Tuesday-Blitz-September-12-2023"]
[Site "Chess.com"]
[Date "2023.09.12"]
[Round "6"]
[White "Ducke13"]
[Black "DefiantChair"]
[Result "0-1"]
[WhiteElo "2506"]
[BlackElo "2674"]
[TimeControl "180+1"]
[EndTime "15:05:03 PDT"]
[Termination "DefiantChair won by checkmate"]

1. d4 Nf6 2. g3 d5 3. Nf3 e6 4.
Bg2 b5 5. a4 b4 6. c4 bxc3 7.
Nxc3 c6 8. O-O a5 9. Bf4 Bd6 10. Bxd6 Qxd6 11. Ne5 O-O 12. Qc2 Na6 13. Rfc1 Nb4 14.
Qd2 Ba6 15. Bf3 c5 16. Nb5 Bxb5 17. axb5 c4 18. h4 h6 19. g4 Nd7 20. Qe3 Nxe5 21. dxe5 Qd7 22. g5 hxg5 23. Qxg5 f6 24. exf6 Rxf6 25.
Kh1 Raf8 26. Rxa5 Qf7 27. Rca1 Rxf3 28. exf3 Qxf3+ 29. Qg2 Qh5 30. Ra8 Qxh4+ 31. Kg1 Qh6 32. Rxf8+ Kxf8 33. Ra8+ Ke7 34. Ra7+ Kd6 35. Qh2+ Qxh2+ 36. Kxh2 Nd3 37. Rxg7 Kc5 38. Rg6 Kxb5 39. Rxe6 Nxf2 40.
Kg2 Nd3 41. Re2 Nf4+ 42. Kf3 Nxe2 43. Kxe2 d4 44. Kd2 Kb4 45. Kc2 d3+ 46. Kc1 Kb3 47. Kd2 Kxb2 48. Ke3 c3 49. Kxd3 c2 50. Kd4 c1=Q 51.
Kd3 Qc2+ 52. Ke3 Kc3 53. Kf4 Qd3 54. Ke5 Qe3+ 55. Kd5 Qd4+ 56. Ke6 Qc5 57. Kf6 Qd5 58. Ke7 Qc6 59. Kf7 Qd6 60. Ke8 Qc7 61. Kf8 Kd4 62.
Kg8 Ke5 63. Kh8 Kf6 64. Kg8 Qg7# 0-1

[Event "Late-Titled-Tuesday-Blitz-September-12-2023"]
[Site "Chess.com"]
[Date "2023.09.12"]
[Round "6"]
[White "Zhigalko_Sergei"]
[Black "Vaibhavraut99"]
[Result "1-0"]
[WhiteElo "2876"]
[BlackElo "2576"]
[TimeControl "180+1"]
[EndTime "15:05:04 PDT"]
[Termination "Zhigalko_Sergei won by checkmate"]

1. e4 e5 2. Nf3 Nc6 3. Bc4 Bc5 4. b4 Bxb4 5. c3 Bd6 6. d4 Nf6 7. O-O O-O 8. Re1 h6 9. Nbd2 a6 10. a4 Re8 11. Qb3 Qe7 12. a5 Nh5 13. Bd5 Nf4 14.
Nc4 Nd3 15. Nxd6 cxd6 16. Rd1 Nxc1 17. Rdxc1 Rb8 18. Qb6 Qf6 19. h3 Ne7 20. Ba2 d5 21. Qc7 Ra8 22. dxe5 Qc6 23. Qd6 dxe4 24. Nd4 Qxd6 25.
exd6 Nc6 26. Bb3 Rb8 27. Bd5 Re5 28. Bxc6 dxc6 29. Rab1 Bd7 30. Rd1 Rxa5 31. c4 c5 32. Nb3 Ra2 33. Nxc5 Rd8 34. Nxb7 Rc8 35. c5 e3 36. fxe3 Bc6 37. g4 Rg2+ 38. Kf1 Rh2 39. Kg1 Rg2+ 40. Kf1 Rh2 41. e4 Bxe4 42. d7 Rb8 43.
d8=Q+ Rxd8 44. Rxd8+ Kh7 45. Rbd1 Bxb7 46. R1d7 Bc6 47.
Rxf7 Bb5+ 48. Kg1 Rxh3 49. Rc8 Rg3+ 50. Kf2 Rxg4 51. Rcc7 h5 52. Kf3 Rg6 53. Kf4 h4 54.
Rce7 h3 55. Re3 Rh6 56. Rg3 h2 57. Rfxg7+ Kh8 58. Rg8+ Kh7 59. R3g7# 1-0

[Event "Late-Titled-Tuesday-Blitz-September-12-2023"]
[Site "Chess.com"]
[Date "2023.09.12"]
[Round "6"]
[White "talaicito"]
[Black "salomez"]
[Result "0-1"]
[WhiteElo "2200"]
[BlackElo "2298"]
[TimeControl "180+1"]
[EndTime "15:05:06 PDT"]
[Termination "salomez won on time"]

1. d4 Nf6 2. Nc3 d5 3. Bf4 Bf5 4. e3 e6 5. f3 Bd6 6. Nge2 c5 7.
g4 Bg6 8. h4 cxd4 9. exd4 Bxf4 10. Nxf4 Qc7 11. Qd2 h5 12. g5 Nfd7 13. Nxg6 fxg6 14.
O-O-O Nc6 15. Bh3 O-O 16. Bxe6+ Kh7 17. Bxd5 Nb6 18. Be4 Rad8 19. Nb5 Qf7 20. d5 Ne5 21. Rhf1 Nbc4 22. Qc3 Qf4+ 23. Kb1 Ne3 24. Rfe1 Nxd1 25. Rxd1 Nxf3 26. Bxf3 Qxf3 27. Qxf3 Rxf3 28. d6 a6 29. Nc7 Rxd6 30. Rh1 Rf7 31. Na8 b5 32. a4 Ra7 33.
axb5 axb5 34. c4 Rxa8 35. cxb5 Rb6 36. Kc2 Rxb5 37. Kc3 Rab8 38. Rh2 Rb3+ 39. Kc4 Rxb2 40. Rh3 R8b4+ 41. Kc5 R2b3 42. Rh1 Rg4 43. Kd5 Rbb4 44. Ke6 Rxh4 45. Ra1 Rhg4 46. Ra5 Rbf4 47. Ke7 Rf5 48. Ra8 Rfxg5 49. Kf7 Rf5+ 50. Ke7 h4 51. Ra3 Rh5 52. Rh3 Rg3 53. Rh1 h3 54. Kf7 h2 55.
Re1 Rg1 56. Re8 h1=Q 57. Re5 Rf5+ 58. Rxf5 gxf5 0-1

[Event "Late-Titled-Tuesday-Blitz-September-12-2023"]
[Site "Chess.com"]
[Date "2023.09.12"]
[Round "6"]
[White "jcibarra"]
[Black "FabianoCaruana"]
[Result "1-0"]
[WhiteElo "2944"]
[BlackElo "3046"]
[TimeControl "180+1"]
[EndTime "15:05:07 PDT"]
[Termination "jcibarra won by resignation"]

1. e4 c6 2. Nf3 d5 3. d3 g6 4. Qe2 Bg7 5. g3 Bg4 6. Nbd2 Nf6 7. Bg2 O-O 8. O-O e6 9. h3 Bxf3 10. Nxf3 a5 11. e5 Nfd7 12. d4 c5 13. c3 Nc6 14.
h4 a4 15. h5 Qb6 16. Rd1 cxd4 17. cxd4 Rfc8 18. hxg6 hxg6 19. Bf4 a3 20. bxa3 Rxa3 21. Rab1 Qa7 22. Rd2 Na5 23. Bh3 Nc4 24. Rc2 Rc6 25. Bc1 Rxf3 26. Qxf3 Ncxe5 27. Qb3 Nf3+ 28. Kh1 Nxd4 29. Be3 Nxb3 30. Bxa7 Rxc2 31. Rxb3 b6 32. a3 Bd4 33. f4 Rc7 34. Rb4 Rxa7 35. Rxd4 Rxa3 36.
Kh2 Rb3 37. Ra4 Nc5 38. Ra7 d4 39. g4 d3 40. Ra8+ Kg7 41. Rd8 b5 42. f5 Rc3 43.
fxe6 Nxe6 44. Rd7 Nc5 45. Rd4 Nb3 46. Rd7 d2 47. g5 Rc1 48. Be6 Rc7 49. Rxc7 Nd4 50. Bxf7 Kf8 51. Bb3 Nxb3 52. Rd7 Ke8 53. Rd3 Nc5 54. Rxd2 Ke7 55. Rd5 Ne4 56. Rxb5 Ke6 57.
Kh3 Nd6 58. Ra5 Nf5 59. Kg4 Ne3+ 60. Kf3 Nf5 61. Kf4 Nd4 62. Ra6+ Kf7 63. Rf6+ Kg7 64. Rd6 Nf5 65. Rd7+ Kf8 66. Ke5 Nh4 67. Kf6 Ke8 68.
Rh7 1-0

[Event "Late-Titled-Tuesday-Blitz-September-12-2023"]
[Site "Chess.com"]
[Date "2023.09.12"]
[Round "6"]
[White "ChristopherYoo"]
[Black "GothamChess"]
[Result "1-0"]
[WhiteElo "3013"]
[BlackElo "2731"]
[TimeControl "180+1"]
[EndTime "15:05:07 PDT"]
[Termination "ChristopherYoo won on time"]

1. Nf3 g6 2. h4 Bg7 3. h5 e5 4.
d3 d5 5. Nc3 Bg4 6. h6 Bf6 7.
e4 c6 8. Be2 d4 9. Nb1 Bc8 10. c3 c5 11. Na3 Nc6 12. O-O Nge7 13. Bd2 O-O 14. cxd4 cxd4 15. b4 a6 16. b5 axb5 17.
Nxb5 Be6 18. a4 Nc8 19. Qc2 Qe7 20. Rfb1 N8a7 21. Qb2 Rfc8 22. a5 Nxb5 23. Qxb5 Ra7 24. a6 bxa6 25. Rxa6 Rxa6 26. Qxa6 g5 27. Rc1 Bd7 28. Nh2 Qd8 29. Ng4 Be7 30. Qa2 Qc7 31. Bd1 Qd6 32. Qd5 Qxd5 33. exd5 Nb4 34. Rxc8+ Bxc8 35. Nxe5 Nxd5 36. Nc6 Bf6 37. Bb3 Be6 38. Kf1 Nc7 39. Bxe6 fxe6 40. Ke2 Kf7 41. Kf3 Kg6 42. Ke4 Kxh6 43. Nxd4 Kg6 44. Nc6 h5 45. d4 Nd5 46.
Ne5+ Kg7 47. Nd7 h4 48. Nc5 Kf7 49. Kf3 Ne7 50. Ne4 Nf5 51. Kg4 Nxd4 52. Nxf6 Kxf6 53. Bxg5+ Kg6 54. Bxh4 Nf5 55. Bg3 Nh6+ 56. Kf4 Nf5 57. Kg4 Nh6+ 58. Kf4 Nf5 59. Bh2 Kf6 60. g4 Nd4 61. Ke4 Nc6 62. Bg3 Kg6 63. Bh4 Nb4 64. f3 Nd5 65. Ke5 1-0

[Event "Late-Titled-Tuesday-Blitz-September-12-2023"]
[Site "Chess.com"]
[Date "2023.09.12"]
[Round "6"]
[White "emeli_chess"]
[Black "maksimys18"]
[Result "0-1"]
[WhiteElo "2376"]
[BlackElo "2498"]
[TimeControl "180+1"]
[EndTime "15:05:07 PDT"]
[Termination "maksimys18 won on time"]

1. d4 e6 2. c4 d5 3. Nc3 Be7 4. cxd5 exd5 5. Nf3 Nf6 6. Bg5 O-O 7. e3 c6 8. Bd3 h6 9. Bh4 Be6 10. Qc2 Nbd7 11.
h3 Rc8 12. O-O c5 13. dxc5 Nxc5 14. Nd4 Nfe4 15. Bxe7 Qxe7 16. Nxe4 Nxe4 17. Qe2 Qg5 18. Bxe4 dxe4 19. Nxe6 fxe6 20. Rac1 Rce8 21. Rc7 Rf3 22. Rd1 Ref8 23. Rdd7 R3f7 24. Rxf7 Rxf7 25. Rxf7 Kxf7 26. Qc4 Qd5 27. Qc7+ Kg6 28. b3 a6 29. Qf4 Kh7 30. g4 a5 31. h4 b5 32. g5 hxg5 33. hxg5 Kg6 34. Kh2 a4 35. bxa4 bxa4 36. a3 Qf5 37. Qh4 e5 38. Kh1 Qf3+ 39. Kh2 Kf5 40. Qh7+ g6 41. Qd7+ Kxg5 42. Qe6 Qxf2+ 43. Kh1 Qxe3 44. Qxe5+ Kg4 45. Qe6+ Kf3 46. Qxg6 Qc1+ 47. Kh2 Qd2+ 48. Kh3 Qe3 49. Kh4 Qf4+ 50. Kh3 Ke3 51. Qb6+ Ke2 52.
Qb5+ Kf2 53. Qb2+ Ke1 54. Qc3+ Qd2 55. Qg3+ Qf2 56. Qc3+ Qd2 57. Qg3+ Kd1 58. Kg4 e3 59. Kf3 e2 0-1

[Event "Late-Titled-Tuesday-Blitz-September-12-2023"]
[Site "Chess.com"]
[Date "2023.09.12"]
[Round "6"]
[White "jaldjald"]
[Black "HalfIsCrayfish"]
[Result "1/2-1/2"]
[WhiteElo "2369"]
[BlackElo "2542"]
[TimeControl "180+1"]
[EndTime "15:05:08 PDT"]
[Termination "Game drawn - insufficient material"]

1. e4 Nc6 2. Nf3 f5 3. exf5 d5 4. d4 Bxf5 5. Bb5 e6 6. c3 Bd6 7.
Qa4 Ne7 8. Bg5 O-O 9. Bxc6 bxc6 10. O-O Bg4 11. Nbd2 h6 12. Bxe7 Qxe7 13. Rfe1 Rab8 14. b4 Bxf3 15. Nxf3 Rxf3 16. gxf3 Qh4 17. Qxc6 Qh3 18.
f4 Qg4+ 19. Kf1 Rf8 20. Re3 Qxf4 21. Ke2 Qxf2+ 22. Kd3 Qf5+ 23. Kd2 Qf2+ 24. Kd3 Qb2 25. Rae1 Rf2 26. R3e2 Rxe2 27. Rxe2 Qb1+ 28. Ke3 Qg1+ 29. Kd3 Qb1+ 30. Ke3 Qg1+ 31. Kd2 Bf4+ 32. Kc2 Qc1+ 33. Kb3 Qb1+ 34. Rb2 Qd1+ 35. Ka3 Bc1 36. Qxe6+ Kh7 37. Qf5+ Kh8 38. Qc8+ Kh7 39. Qf5+ Kg8 40.
Qxd5+ Kf8 41. Qd8+ Kf7 42. Qxc7+ Kg8 43. Qc8+ Kh7 44.
Qf5+ Kg8 45. Qe6+ Kh7 46. Qb3 Bxb2+ 47. Qxb2 Qd3 48. Qb3 Qd2 49. d5 Qxh2 50. Qc4 Qd6 51. Qe4+ Kh8 52. Qe6 Qxe6 53. dxe6 Kg8 54. c4 Kf8 55. c5 Ke7 56. b5 Kxe6 57. b6 axb6 58. cxb6 Kd6 59. Kb4 h5 60. Kc3 Kc6 61. Kd4 Kxb6 62.
Ke4 g5 63. Kf5 Ka5 64. Kxg5 Ka4 65. Kxh5 Ka3 66. Kh4 Kxa2 1/2-1/2